 Dungeon Crawl Stone Soup version 0.26-a0-812-g31a745ddcd (webtiles) character file.

Game seed: 12218682445512449018

132 Flubbersnuff the Covered (level 4, -2/41 HPs)
             Began as a Minotaur Fighter on Dec 8, 2020.
             Killed by nerve-wracking pain
             ... invoked by an orc priest
              (9 damage)
             ... on level 4 of the Dungeon.
             The game lasted 00:04:50 (1903 turns).

Flubbersnuff the Covered (Minotaur Fighter)         Turns: 1903, Time: 00:04:51

Health: -2/41      AC:  7    Str: 22    XL:     4   Next: 92%
Magic:  3/3        EV:  8    Int:  5    God:
Gold:   113        SH:  9    Dex:  9    Spells: 3/3 levels left

rFire    . . .     SeeInvis .   a - +0 war axe
rCold    . . .     Faith    .   c - +0 kite shield
rNeg     . . .     Spirit   .   b - +0 scale mail
rPois    .         Reflect  .   (helmet restricted)
rElec    .         Harm     .   (no cloak)
rCorr    .         Rampage  .   (no gloves)
MR       .....                  (no boots)
Stlth    ..........             (no amulet)
HPRegen  0.13/turn              (no ring)
MPRegen  0.08/turn              (no ring)

@: no status effects
A: retaliatory headbutt, horns 2
a: no special abilities


You were on level 4 of the Dungeon.
You visited 1 branch of the dungeon, and saw 4 of its levels.

You collected 113 gold pieces.

Inventory:

Hand Weapons
 a - a +0 war axe (weapon)
Armour
 b - a +0 scale mail (worn)
 c - a +0 kite shield (worn)
Jewellery
 g - an uncursed ring of flight {unknown}
Wands
 f - a wand of flame (21)
Scrolls
 i - a scroll of identify
Potions
 d - a potion of might
 e - a potion of curing {unknown}
 h - 2 potions of magic
 k - 2 potions of attraction {unknown}
 l - 3 potions of berserk rage {unknown}
 n - a potion of flight {unknown}


   Skills:
 + Level 4.6 Fighting
 + Level 3.7 Axes
 + Level 4.6 Armour
 + Level 2.3 Dodging
 - Level 3.6 Shields


You had 3 spell levels left.
You didn't know any spells.
Your spell library was empty.

Dungeon Overview and Level Annotations

Branches:
Dungeon (4/15)
 Temple: D:4-7

Altars:
Sif Muna


Innate Abilities, Weirdness & Mutations

You reflexively headbutt those who attack you in melee.
You have a pair of horns on your head.


Message History

Beogh smites you!
Your shield and scale mail prevent you from hitting the orc priest.
The orc priest is severely wounded.
The orc priest calls down the wrath of Beogh upon you.
Beogh smites you!
* * * LOW HITPOINT WARNING * * *
You barely miss the orc priest.
The orc priest is severely wounded.
The orc priest hits you with a cursed +0 club.
* * * LOW HITPOINT WARNING * * *
The orc priest hits you but does no damage.
You hit the orc priest but do no damage.
Your headbutt misses the orc priest.
The orc priest is severely wounded.
The orc priest hits you but does no damage.
You barely miss the orc priest. Your headbutt misses the orc priest.
The orc priest is severely wounded.
The orc priest invokes the aid of Beogh against you.
Pain shoots through your body!
You die...

...#### **** ......# #####.#
***** ......# *,,,, #######
*,*** ......# *,* #####.# *,*
.,,,#.##################*****,*
..,,#...........@o......,,,,,,*
###,#.##################*****,*
# **### ***


You could see an orc priest.

Vanquished Creatures
  A bullfrog skeleton (D:4)
  An orc wizard (D:4)
  2 adders
  An ooze (D:1)
  A worm (D:2)
  2 dart slugs (D:1)
  A leopard gecko (D:1)
  3 orcs (D:4)
  A giant cockroach (D:3)
  6 goblins
  7 hobgoblins
  4 jackals
  A ball python (D:4)
  3 bats (D:1)
  3 frilled lizards (D:1)
  4 kobolds
  5 rats
46 creatures vanquished.

Vanquished Creatures (others)
  A worm (D:3)
  A rat (D:3)
2 creatures vanquished.

Grand Total: 48 creatures vanquished

Notes
Turn   | Place    | Note
-------+----------+-------------------------------------------
     0 | D:1      | Flubbersnuff the Minotaur Fighter began the quest for the
                  | Orb.
     0 | D:1      | Reached XP level 1. HP: 19/19 MP: 0/0
    93 | D:1      | You fall into a shaft and drop 1 floor!
   101 | D:2      | Reached XP level 2. HP: 24/27 MP: 1/1
   183 | D:1      | Reached skill level 1 in Dodging
   542 | D:1      | Reached XP level 3. HP: 26/33 MP: 2/2
  1712 | D:2      | Found a shimmering blue altar of Sif Muna.
  1810 | D:3      | Reached XP level 4. HP: 41/41 MP: 3/3
  1903 | D:4      | Killed from afar by an orc priest

Illustrated notes

Levels and vault maps discovered:
D:1:      lightli_arrival_windingriver, layout_basic,
          chequers_serial_rivers_marsh
D:2:      layout_rooms, marbit_many_paths
D:3:      layout_rooms, lemuel_flame_loot_1
D:4:      layout_basic, eat_drink_and_be_merry_uskayaw, lemuel_doored_altar,
          old_standard_altar, sigmund_army

Skill      XL: |  1  2  3  4 |
---------------+-------------+-----
Dodging        | 1 2 |  2.3
Fighting       | 4 |  4.6
Armour         | 4 |  4.6
Axes           | 3 |  3.7
Shields        | |  3.6

Action                   |  1- 3 |  4- 6 || total
-------------------------+-------+-------++-------
Melee: War axe           |    88 |    19 ||   107
       Headbutt          |    12 |     3 ||    15
  Use: Scroll            |       |     5 ||     5
Armor: Scale mail        |    29 |     6 ||    35
Dodge: Dodged            |    34 |     5 ||    39
Block: Kite shield       |    44 |     8 ||    52

Table legend: (Time is in decaauts)
 A = Elapsed time spent in this place.
 B = Non-inter-level travel time spent in this place.
 C = Inter-level travel time spent in this place.
 D = Time resting spent in this place.
 E = Time spent auto-exploring this place.
 F = Levels seen in this place.
 G = Mean time per level.
                   A        B        C        D        E       F      G
               +--------+--------+--------+--------+--------+-----+--------+
         Total |   1955 |   1786 |    169 |    343 |   1070 |   4 |  488.8 |
       Dungeon |   1955 |   1786 |    169 |    343 |   1070 |   4 |  488.8 |
               +--------+--------+--------+--------+--------+-----+--------+

Top non-repeatable levels by time:
     D:1: 1135 daAuts
     D:2: 708 daAuts
     D:4: 59 daAuts
     D:3: 52 daAuts
